 Dungeon Crawl Stone Soup version 0.21-a0-529-g8c7b3f5 (webtiles) character file.

186823 KristoblXynda the Grappler (level 17, -1/158 HPs)
             Began as a Troll Monk on Dec 11, 2017.
             Was the Champion of Cheibriados.
             Succumbed to a redback's poison
             ... on level 3 of the Spider Nest.
             The game lasted 01:21:31 (28600 turns).

KristoblXynda the Grappler (Troll Monk)            Turns: 28600, Time: 01:21:32

Health: -1/158     AC: 17    Str: 38    XL:     17   Next: 85%
Magic:  32/32      EV: 20    Int: 29    God:    Cheibriados [******]
Gold:   3122       SH: 19    Dex: 27    Spells: 14/26 levels left

rFire    + . .     SeeInvis +     - Unarmed
rCold    . . .     Gourm    +   K - +1 shield
rNeg     + . .     Faith    .   N - +4 troll leather armour {Snorg}
rPois    .         Spirit   .   r - +2 hat {Int+3}
rElec    .         Reflect  .   B - +2 cloak of the New World {-Cast rF+ rN+ MR+}
rCorr    .         Harm     .   (gloves unavailable)
MR       ++...     Rnd*Rage +   (boots unavailable) Stlth ++........NoCast +
                                J - amulet of regeneration
HPRegen  1.56/turn              Q - ring of magical power
MPRegen  0.23/turn              O - ring of see invisible

@: lethally poisoned (-1 -> -22), about to teleport, very slow
A: large, unfitting armour, claws 3, talons 1, large bone plates 1, berserk 1,
fast metabolism 3, gourmand, regeneration 1, shaggy fur 1, tough skin 2, wild
magic 2, MP-powered wands
a: Bend Time, Temporal Distortion, Slouch, Step From Time, Renounce Religion


You were on level 3 of the Spider Nest.
You worshipped Cheibriados.
Cheibriados was exalted by your worship.
You were full.

You visited 7 branches of the dungeon, and saw 29 of its levels.
You also visited: Sewer, Ossuary, Bailey and Ice Cave.

You collected 3284 gold pieces.
You spent 162 gold pieces at shops.

Inventory:

Hand Weapons
 a - a +4 giant club
Armour
 e - a +2 cloak of invisibility
 r - a +2 hat of intelligence (worn)
 B - the +2 cloak of the New World (worn) {-Cast rF+ rN+ MR+}
   (You acquired it on level 6 of the Lair of Beasts)

   It protects you from fire.
   It protects you from negative energy.
   It affects your resistance to hostile enchantments.
   It prevents spellcasting.
 K - a +1 shield (worn)
 N - a +4 troll leather armour (worn) {Snorg}
Jewellery
 w - an uncursed amulet of guardian spirit
 J - an amulet of regeneration (around neck)
 O - a ring of see invisible (right claw)
 Q - a ring of magical power (left claw)
Wands
 k - a wand of digging (28)
 q - a wand of acid (1)
 I - a wand of iceblast (5)
 M - a wand of paralysis (44)
Scrolls
 i - 2 scrolls of fog
 j - 9 scrolls of amnesia
 o - 9 scrolls of magic mapping
 s - a scroll of enchant armour
 u - 5 scrolls of remove curse
 H - 4 scrolls of immolation
 R - 5 scrolls of identify
Potions
 c - 2 potions of might
 d - 4 potions of brilliance
 n - 3 potions of agility
 z - 2 potions of cancellation
 D - 4 potions of flight
Miscellaneous
 t - a phial of floods
 x - a lamp of fire
 y - a phantom mirror
Comestibles
 b - 19 bread rations
 f - 18 royal jellies
 g - 10 meat rations
 h - 60 fruits


   Skills:
 + Level 8.2 Fighting
 - Level 8.1 Maces & Flails
 + Level 5.1 Armour
 - Level 10.2 Dodging
 - Level 1.0 Stealth
 - Level 9.0 Shields
 - Level 13.0 Unarmed Combat
 - Level 5.0 Spellcasting
 - Level 9.0 Transmutations
 + Level 7.0 Earth Magic
 - Level 9.0 Invocations
 + Level 8.0 Evocations


You had 14 spell levels left.
You knew the following spells:

 Your Spells              Type           Power        Failure   Level  Hunger
a - Petrify               Tmut/Erth      ######..     7%          4    ###....
b - Lee's Rapid Deconstr  Erth           ######....   21%         5    #####..
c - Regeneration          Chrm/Necr      ##........   36%         3    #......


Dungeon Overview and Level Annotations

Branches:
Dungeon (15/15)            Temple (1/1) D:6            Lair (6/6) D:10
  Swamp (0/4) Lair:2       Spider (3/4) Lair:4        Slime (0/5) Lair:5
    Orc (2/2) D:9             Elf (1/3) Orc:2        Vaults (0/5) D:13
 Depths (1/5) D:15

Altars:
Cheibriados
Dithmenos
Elyvilon
Fedhas
Gozag
Hepliaklqana
Kikubaaqudgha
Makhleb
Nemelex Xobeh
Okawaru
Ru
Sif Muna
Trog
Uskayaw
Vehumet
Wu Jian
Xom
Yredelemnul
Zin
Beogh

Shops:
D:5 (   D:10 [   D:14 :   Orc:1 :   Orc:2 [}[}   Depths:1 (?

Portals:
Hell: Depths:1

Annotations:
D:15 1 runed door
Spider:3 Arachne, Louise


Innate Abilities, Weirdness & Mutations

You are too large for most types of armour.
You have claws for hands.
Your metabolism is lightning-fast.
You like to eat raw meat.
Your natural rate of healing is unusually fast.
You are covered in fur. (AC +1)
You have very tough skin. (AC +2)
You have sharp toenails.
You are partially covered in large bone plates. (SH +4)
You tend to lose your temper in combat.
Your spells are harder to cast, but more powerful.
You expend magic power (3 MP) to strengthen your wands.


Message History

You feel very sick.
You block the redback's attack. x2; The spark wasp stings you!
* * * LOW HITPOINT WARNING * * *
The spark wasp shocks you!
* * * LOW HITPOINT WARNING * * *
The jumping spider leaps!
You feel strangely stable.
You feel magically purged.
* * * LOW HITPOINT WARNING * * *
You feel very sick. You block the redback's attack. x2
The tarantella bites you but does no damage.
The spark wasp misses you. You block the redback's attack.
The redback closely misses you.
Arachne casts a spell.
Arachne blinks!
The redback bites you but does no damage.
As you read the scroll of teleportation, it crumbles to dust.
You feel strangely unstable.
You die...

..#..$†.[...........#..
# #........#^.#.#.#^##
.# #...^........###...#
. ...#..##y#^.#.....
#...#............
##...#......#..#.
#.........#..#..
#..#y##....#.
#....@ss.....
....#..sss..##..
........#.§.....
.#...^........#
#......#....#. #.#?.#.#
#.s..# .......# ..#..
.#.... ..##.


You could see a spark wasp, a jumping spider, a tarantella and 4 redbacks.

Vanquished Creatures
  Jorgrun (Spider:2)
  Frances (Spider:2)
  Kirke (Spider:3)
  A ghost moth (Spider:2)
  A deep elf sorcerer (Elf:1)
  A deep elf elementalist (Elf:1)
  An entropy weaver (Spider:1)
  A stone giant (Depths:1)
  A very ugly thing (Depths:1)
  A vampire knight (Depths:1)
  Snorg (D:11)
  A great orb of eyes (Depths:1)
  6 hydras
  8 vault guards (D:13)
  A spriggan air mage (Depths:1)
  A catoblepas (D:13)
  Erolcha (Orc:1)
  3 centaur warriors
  6 two-headed ogres
  3 dancing weapons (Elf:1)
  An ogre mage (Orc:1)
  5 tengu warriors
  6 death yaks (Lair:5)
  4 orc high priests (Orc:2)
  Nergalle (Lair:4)
  A skeletal warrior (Depths:1)
  4 deep elf knights (Elf:1)
  A deep troll (Depths:1)
  2 wizards (D:15)
  2 unseen horrors
  4 deep elf archers (Elf:1)
  A necromancer (D:15)
  3 orc knights
  12 wolf spiders
  The ghost of theanonym the Cleaver, a novice HuFi (D:5)
  5 orb spiders
  A wolf spider zombie (D:13)
  3 orc sorcerers
  4 ugly things
  An oklob plant (Lair:6)
  20 deep elf magi
  2 manticores
  A fire giant zombie (Depths:1)
  6 elephants (Lair:4)
  4 cyclopes
  2 ice statues (IceCv)
  Maurice (Orc:2)
  The ghost of birkhead the Magician, a novice DEFE (D:7)
  Psyche (D:8)
  2 guardian serpents (shapeshifter)
  6 black mambas
  A torpor snail (Spider:1)
  A gargoyle (D:15)
  A naga mage (D:15)
  29 spiny frogs
  4 rime drakes
  7 centaur skeletons
  A yaktaur zombie (Depths:1)
  11 komodo dragons
  6 demonic crawlers
  A kobold demonologist (D:14)
  3 yaktaurs (Depths:1)
  A freezing wraith (D:15)
  3 tengu conjurers
  2 efreet (D:13)
  2 queen bees
  6 trolls
  A wolf spider simulacrum (D:15)
  3 tyrant leeches (Lair:6)
  3 meliai (Lair:5)
  13 jumping spiders
  2 polar bears
  A hornet (D:9)
  Prince Ribbit (D:6)
  8 hippogriffs
  18 slime creatures
  29 blink frogs
  Sigmund (D:2)
  A centaur simulacrum (D:14)
  A shadow (D:15)
  37 redbacks
  6 air elementals
  13 wyverns
  4 wraiths
  2 spriggans (Lair:4)
  19 tarantellas
  A vampire (D:14)
  49 yaks
  3 basilisks
  2 water elementals
  3 hungry ghosts
  9 vampire mosquitoes
  Edmund (D:5)
  4 swamp worms (Lair:2)
  8 wargs
  13 water moccasins
  2 soldier ants (D:9)
  12 porcupines
  30 orc warriors
  8 ice beasts
  4 phantoms
  6 sky beasts
  5 black bears
  22 ogres
  8 wolves
  10 crocodiles
  14 centaurs
  2 elf zombies (Ossuary)
  3 big kobolds
  34 bullfrogs
  A wyvern zombie (D:6)
  An earth elemental (Elf:1)
  3 gnoll sergeants
  4 scorpions
  7 wights
  58 killer bees
  6 howler monkeys
  7 electric eels
  A bullfrog zombie (D:6)
  6 jellies
  7 crimson imps
  4 centaur zombies
  A quasit (D:10)
  A human zombie (Ossuary)
  10 hounds
  44 orc priests
  18 orc wizards
  A bullfrog skeleton (D:11)
  An iguana (D:8)
  8 worker ants
  A big kobold zombie (Ossuary)
  3 hound zombies
  A hound skeleton (D:6)
  2 mummies (Ossuary)
  2 worker ant zombies
  10 gnolls
  3 howler monkey skeletons
  11 adders
  13 river rats (D:5)
  3 shadow imps
  An ooze (shapeshifter) (D:14)
  6 oozes
  3 adder zombies
  4 worms
  3 dart slugs
  9 leopard geckos
  116 orcs
  5 giant cockroaches
  5 goblins
  10 hobgoblins
  15 jackals
  19 kobolds
  8 quokkas
  7 ball pythons
  11 bats
  12 frilled lizards
  A goblin zombie (Ossuary)
  6 hobgoblin zombies (Ossuary)
  4 jackal zombies (Ossuary)
  7 kobold zombies (Ossuary)
  12 orc zombies (Ossuary)
  23 rats
  2 rat zombies
  A butterfly (D:6)
  A fungus (Lair:6)
  A plant (Lair:6)
1174 creatures vanquished.

Vanquished Creatures (others)
  A dancing weapon (Elf:1)
  2 deep elf knights (Elf:1)
  A deep elf archer (Elf:1)
  2 deep elf magi (Elf:1)
  A centaur zombie (D:13)
  2 yaks (D:13)
  3 humans (Spider:3)
  2 orcs
  A bush (Lair:6)
  8 fungi
  65 plants
88 creatures vanquished.

Grand Total: 1262 creatures vanquished

Notes
Turn   | Place    | Note
-------+----------+-------------------------------------------
     0 | D:1      | KristoblXynda the Troll Monk began the quest for the Orb.
     0 | D:1      | Reached XP level 1. HP: 22/22 MP: 0/0
    82 | D:1      | Reached XP level 2. HP: 26/29 MP: 1/1
   374 | D:1      | Reached XP level 3. HP: 33/36 MP: 2/2
  1060 | D:2      | Noticed Sigmund
  1101 | D:2      | Killed Sigmund
  1101 | D:2      | Reached skill level 4 in Unarmed Combat
  1101 | D:2      | Reached XP level 4. HP: 15/46 MP: 3/3
  1101 | D:2      | Reached XP level 5. HP: 18/53 MP: 4/4
  1560 | D:3      | Found a shadowy altar of Dithmenos.
  1867 | D:3      | Found a shimmering altar of Xom.
  2188 | D:4      | Reached XP level 6. HP: 62/62 MP: 5/5
  2202 | D:4      | Found a sand-covered staircase.
  2220 | Ossuary  | Entered an ossuary
  2366 | Ossuary  | Reached skill level 5 in Unarmed Combat
  2428 | Ossuary  | Reached XP level 7. HP: 9/71 MP: 6/6
  2767 | D:4      | Identified 2 scrolls of acquirement
  2770 | D:4      | Got a transparent hat
  2776 | D:4      | Identified the +1 hat of the Amoeba {Str+5 Slay-4} (You acquired it on level 4 of the Dungeon)
  3231 | D:5      | Entered Level 5 of the Dungeon
  3309 | D:5      | Found Fuxkai's Weapon Shop.
  3432 | D:5      | Reached skill level 5 in Fighting
  3519 | D:5      | Reached skill level 5 in Dodging
  3519 | D:5      | Reached skill level 6 in Unarmed Combat
  3532 | D:5      | Noticed theanonym's ghost (novice HuFi)
  3549 | D:5      | Killed theanonym's ghost
  3549 | D:5      | Reached XP level 8. HP: 79/81 MP: 7/7
  3713 | D:5      | Noticed Edmund
  3725 | D:5      | Killed Edmund
  3912 | D:5      | Reached skill level 7 in Unarmed Combat
  4286 | D:6      | Found a glowing drain.
  4290 | D:6      | Noticed Prince Ribbit
  4293 | D:6      | Found a staircase to the Ecumenical Temple.
  4295 | Sewer    | Entered a sewer
  4979 | D:6      | Reached skill level 1 in Maces & Flails
  4979 | D:6      | Reached XP level 9. HP: 84/89 MP: 8/8
  5001 | D:6      | Reached skill level 1 in Evocations
  5154 | D:6      | Killed Prince Ribbit
  5204 | D:6      | HP: 6/133 [orc warrior/battleaxe (7)]
  5205 | D:6      | Gained mutation: You are partially covered in large bone plates. (SH +4) [potion of mutation]
  5205 | D:6      | Gained mutation: Your spells are a little harder to cast, but a little more powerful. [potion of mutation]
  5205 | D:6      | Gained mutation: You are partially covered in molten scales. (AC +2) [potion of mutation]
  5205 | D:6      | Gained mutation: You heal very quickly. [potion of mutation]
  5304 | D:6      | Reached skill level 8 in Unarmed Combat
  5457 | Temple   | Entered the Ecumenical Temple
  5465 | Temple   | Became a worshipper of Cheibriados the Contemplative
  5465 | Temple   | Reached * piety under Cheibriados
  5465 | Temple   | Reached ** piety under Cheibriados
  5515 | D:6      | Found an ancient bone altar of Kikubaaqudgha.
  5516 | D:6      | Found a hide-covered altar of Uskayaw.
  5516 | D:6      | Found a sacrificial altar of Ru.
  6142 | D:7      | Noticed birkhead's ghost (novice DEFE)
  6152 | D:7      | Killed birkhead's ghost
  6152 | D:7      | Reached skill level 1 in Invocations
  6152 | D:7      | Reached XP level 10. HP: 67/98 MP: 11/11
  6362 | D:7      | Reached *** piety under Cheibriados
  6612 | D:8      | Noticed a two-headed ogre
  6619 | D:8      | Killed a two-headed ogre
  6720 | D:8      | Reached skill level 9 in Unarmed Combat
  6993 | D:8      | Noticed Psyche
  6996 | D:8      | Killed Psyche
  7302 | D:8      | Reached skill level 5 in Maces & Flails
  7563 | D:9      | Found a glowing silver altar of Zin.
  7593 | D:9      | Reached **** piety under Cheibriados
  7686 | D:9      | Noticed a two-headed ogre
  7695 | D:9      | Killed a two-headed ogre
  7726 | D:9      | Reached XP level 11. HP: 46/105 MP: 13/13
  8288 | D:9      | Reached ***** piety under Cheibriados
  8369 | D:9      | Reached skill level 5 in Evocations
  8523 | D:9      | Reached skill level 10 in Unarmed Combat
  8566 | D:9      | Found a staircase to the Orcish Mines.
  9022 | D:9      | Reached skill level 5 in Invocations
  9245 | D:10     | Entered Level 10 of the Dungeon
  9264 | D:10     | Gained mutation: Your mind is acute. (Int +2) [mutagenic meat]
  9265 | D:10     | Lost mutation: You heal very quickly. [mutagenic meat]
  9266 | D:10     | Gained mutation: Your spells are harder to cast, but more powerful. [mutagenic meat]
  9267 | D:10     | Gained mutation: Your spells are much harder to cast, but much more powerful. [mutagenic meat]
  9571 | D:10     | Reached ****** piety under Cheibriados
  9658 | D:10     | Found Gustraw's Antique Armour Boutique.
  9664 | D:10     | Bought a shield for 162 gold pieces
  9962 | D:10     | Found a staircase to the Lair.
 10369 | D:11     | Noticed a purple ugly thing
 10377 | D:11     | Killed a purple ugly thing
 10394 | D:11     | Gained mutation: You expend magic power (3 MP) to strengthen your wands. [mutagenic meat]
 10395 | D:11     | Lost mutation: Your mind is acute. (Int +2) [mutagenic meat]
 10396 | D:11     | Gained mutation: You have sharp toenails. [mutagenic meat]
 10397 | D:11     | Lost mutation: Your spells are much harder to cast, but much more powerful. [mutagenic meat]
 10507 | D:11     | Killed an unseen horror
 10675 | D:11     | Noticed Snorg
 10740 | D:11     | Killed Snorg
 10740 | D:11     | Reached XP level 12. HP: 118/118 MP: 15/15
 11554 | D:12     | Found a white marble altar of Elyvilon.
 12235 | D:12     | Noticed a five-headed hydra
 12239 | D:12     | Killed a five-headed hydra
 12239 | D:12     | Reached skill level 1 in Shields
 12295 | D:12     | Noticed an ettin
 12398 | D:13     | Noticed a vault guard
 12398 | D:13     | Noticed a vault guard
 12399 | D:13     | Found a gate to the Vaults.
 12399 | D:13     | Noticed a vault guard
 12399 | D:13     | Noticed a vault guard
 12399 | D:13     | Noticed a vault guard
 12400 | D:13     | Noticed a vault guard
 12418 | D:13     | Killed a vault guard
 12425 | D:13     | Noticed a tengu warrior
 12428 | D:13     | Found a flagged portal.
 12432 | Bailey   | Entered a bailey
 12775 | Bailey   | Found the +0 pair of fencer's gloves {+Riposte Dex+3}
 12780 | Bailey   | Got translucent gold dragon scales
 12868 | D:13     | Killed a vault guard
 12872 | D:13     | Killed a vault guard
 12875 | D:13     | Killed a tengu warrior
 12985 | D:13     | Killed a vault guard
 12990 | D:13     | Killed a vault guard
 13126 | D:13     | Noticed a vault guard
 13131 | D:13     | Killed a vault guard
 13251 | D:13     | Noticed a catoblepas
 13261 | D:13     | Learned a level 4 spell: Petrify
 13285 | D:13     | Killed a catoblepas
 13285 | D:13     | Reached XP level 13. HP: 39/127 MP: 18/18
 13461 | D:13     | Reached skill level 1 in Transmutations
 13785 | D:13     | Identified the cursed +0 gold dragon scales of the Thistle {rElec rPois rF+ rC+ Dex+5 Slay-2 Stlth+} (You found it in a bailey)
 14908 | D:14     | Reached skill level 5 in Shields
 14910 | D:14     | Reached skill level 1 in Armour
 15526 | D:14     | Found Yxkoqoyb's Book Shop.
 15847 | D:15     | Entered Level 15 of the Dungeon
 16238 | D:15     | Found a glowing silver altar of Zin.
 16238 | D:15     | Noticed an angel
 16239 | D:15     | Found a runed door.
 16301 | D:15     | Reached XP level 14. HP: 114/136 MP: 19/19
 16764 | D:15     | Found a staircase to the Depths.
 16919 | Depths:1 | Entered Level 1 of the Depths
 16937 | Depths:1 | Noticed a stone giant
 16944 | Depths:1 | Killed a stone giant
 16992 | Depths:1 | Found Imosin's Magic Scroll Boutique.
 16992 | Depths:1 | Found Ontedgh's Antique Weapon Shop.
 17157 | Depths:1 | HP: 5/136 [merfolk javelineer/poisoned javelin (14)]
 17178 | Depths:1 | Reached skill level 1 in Spellcasting
 17261 | Depths:1 | Reached skill level 5 in Transmutations
 17297 | Depths:1 | Noticed a purple very ugly thing
 17297 | Depths:1 | Noticed a purple very ugly thing
 17302 | Depths:1 | Noticed a purple very ugly thing
 17306 | Depths:1 | Noticed a vampire knight
 17308 | Depths:1 | Killed a purple very ugly thing
 17322 | Depths:1 | Noticed a tengu reaver
 17416 | Depths:1 | Found a gateway to Hell.
 17451 | Depths:1 | Noticed a vampire knight
 17454 | Depths:1 | Reached skill level 10 in Dodging
 17454 | Depths:1 | Paralysed by a vampire knight for 7 turns
 17465 | Depths:1 | Killed a vampire knight
 17744 | Lair:1   | Entered Level 1 of the Lair of Beasts
 18706 | Lair:2   | Found a staircase to the Swamp.
 19634 | Lair:3   | Reached XP level 15. HP: 143/143 MP: 20/20
 20199 | Lair:4   | Noticed Nergalle
 20215 | Lair:4   | Killed Nergalle
 20260 | Lair:4   | Reached XP level 16. HP: 152/152 MP: 21/21
 20665 | Lair:4   | Found a hole to the Spider Nest.
 21024 | Lair:5   | Found a frozen archway.
 21036 | IceCv    | Entered an ice cave
 21050 | IceCv    | Found a transporter.
 21071 | IceCv    | Gained mutation: You tend to lose your temper in combat. [mutagenic meat]
 21073 | IceCv    | Lost mutation: You are partially covered in molten scales. (AC +2) [mutagenic meat]
 21117 | IceCv    | HP: 1/152 [ice beast[an ice statue] (10)]
 21119 | IceCv    | Reached skill level 11 in Unarmed Combat
 21126 | IceCv    | Gained mutation: You have razor-sharp toenails. [mutagenic meat]
 21127 | IceCv    | Lost mutation: You have razor-sharp toenails. [mutagenic meat]
 21641 | Lair:5   | Found a staircase to the Slime Pits.
 21805 | Lair:5   | Reached skill level 1 in Earth Magic
 22468 | Lair:6   | Entered Level 6 of the Lair of Beasts
 22817 | Orc:1    | Entered Level 1 of the Orcish Mines
 23055 | Orc:2    | Entered Level 2 of the Orcish Mines
 23122 | Orc:2    | Found a staircase to the Elven Halls.
 23269 | Orc:2    | Noticed Maurice
 23467 | Orc:2    | Found a roughly hewn altar of Beogh.
 23476 | Orc:2    | Reached skill level 5 in Spellcasting
 23502 | Orc:2    | Found Cipt's Gadget Shop.
 23502 | Orc:2    | Found Adumaq's Antique Armour Emporium.
 23629 | Orc:2    | Killed Maurice
 23846 | Orc:2    | Found a roughly hewn altar of Beogh.
 23935 | Orc:2    | Found Penwafoz's Gadget Shop.
 23935 | Orc:2    | Found Seolaugess's Armour Emporium.
 24006 | Orc:1    | Found Amifracw's Book Shoppe.
 24010 | Orc:1    | Noticed Erolcha
 24021 | Orc:1    | Killed Erolcha
 24173 | Orc:1    | Found a roughly hewn altar of Beogh.
 24607 | Elf:1    | Entered Level 1 of the Elven Halls
 24915 | Elf:1    | Reached skill level 12 in Unarmed Combat
 24984 | Elf:1    | Reached XP level 17. HP: 157/158 MP: 23/23
 25718 | Lair:6   | Reached skill level 5 in Earth Magic
 26627 | Lair:6   | Got a heavily runed cloak
 26628 | Lair:6   | Identified the +2 cloak of the New World {-Cast rF+ rN+ MR+} (You acquired it on level 6 of the Lair of Beasts)
 26910 | Lair:1   | Learned a level 5 spell: Lee's Rapid Deconstruction
 26914 | Lair:1   | Learned a level 3 spell: Regeneration
 26998 | Spider:1 | Entered Level 1 of the Spider Nest
 27770 | Spider:2 | Noticed Frances
 27852 | Spider:2 | Killed Frances
 27947 | Spider:2 | Reached skill level 13 in Unarmed Combat
 28051 | Spider:2 | Noticed Jorgrun
 28063 | Spider:2 | Killed Jorgrun
 28496 | Spider:3 | Noticed Kirke
 28502 | Spider:3 | Killed Kirke
 28502 | Spider:3 | Reached skill level 5 in Armour
 28552 | Spider:3 | Noticed Louise
 28575 | Spider:3 | Noticed Arachne
 28598 | Spider:3 | HP: 4/158 [spark wasp (17)]
 28600 | Spider:3 | Succumbed to a redback's poison

Vault maps used:
D:1:      dpeg_arrival_three_same_balls
D:2:      minmay_split_cup_large, uniq_sigmund
D:3:      nicolae_dithmenos_through_a_glass_darkly, brannock_xom_greatest_gift,
          first_bread
D:4:      enter_ossuary_3, hex_medium
D:5:      lemuel_ratsnest, serial_shops, kennysheep_mini, uniq_edmund
D:6:      grunt_temple_overflow_open, minmay_temple_entry_butterflies,
          cheibrodos_sewer_entry_drain, kennysheep_minor_cross,
          uniq_prince_ribbit1
D:8:      uniq_psyche
D:9:      old_standard_altar, erik_orc_2, hangedman_pestilent_swarm,
          nicolae_looking_at_the_future
D:10:     grunt_lair_entry_orc_guard_hut, serial_shops, shop
D:11:     minivault_1, dk_vineyard_3, minmay_strange_pillars, uniq_snorg
D:12:     lemuel_traditional_vault, basic_altar, fungi_pond_lemuel
D:13:     erik_vaults_2, enter_bailey_3
D:14:     dk_noncrumbling_4, serial_shops, shop
D:15:     grunt_enter_depths_magical_seal, minmay_fountain_box,
          lemuel_angel_altar
Temple:   nicolae_temple_x_marks_the_god
Lair:1:   eino_small_chamber_without_monster, lemuel_fruit_tree,
          infiniplex_staircase_pool
Lair:2:   nicolae_swamp_entry_splash_gauntlet
Lair:3:   minivault_26, grunt_megastairs_1
Lair:4:   spider_nest_entry_funnel_web, forest_entry_grove, grunt_megastairs_5,
          serial_bayou_shore_b, uniq_nergalle
Lair:5:   regret_index_combs_of_tragedy, nicolae_slime_entry_slimehenge,
          portal_ice_cave_entry_pillars_1, beast_lair_carwin_1
Lair:6:   minmay_lair_end_frog_pond, minmay_lair_oklob_items
Spider:1: spider_trap
Spider:2: uniq_jorgrun, uniq_frances
Spider:3: uniq_arachne, uniq_kirke, uniq_louise
Orc:1:    basic_altar, serial_shops, nicolae_shop_stone, mines4_lemuel,
          uniq_erolcha
Orc:2:    st_orc_town, minmay_orc_temple_a, uniq_maurice
Elf:1:    minivault_28
Depths:1: hell_entry, minmay_misc_feat_columns, serial_bayou_lagoon_b,
          minmay_shoptagon
Sewer:    sewer_co_cracked_pipes
Ossuary:  ossuary_tomb_1
Bailey:   bailey_polearm_1, bailey
IceCv:    ice_cave_statue_garden_teleport

Skill      XL: |  1  2  3  4  5  6  7  8  9 10 11 12 13 14 15 16 17 |
---------------+----------------------------------------------------+-----
Fighting       | 3 4 5 6 7 8 |  8.2
Dodging        | 3 4 5 6 7 8 9 10 | 10.2
Unarmed Combat | 4 5 6 7 8 9 10 12 13 | 13.0
Maces & Flails | 1 3 5 7 8 |  8.1
Evocations     | 3 4 5 6 8 |  8.0
Invocations    | 1 4 6 8 9 |  9.0
Shields        | 3 5 8 9 |  9.0
Transmutations | 4 6 8 9 |  9.0
Armour         | 3 4 5 |  5.1
Spellcasting   | 3 5 |  5.0
Earth Magic    | 4 7 |  7.0
Stealth        | |  1.0

Action                   |  1- 3 |  4- 6 |  7- 9 | 10-12 | 13-15 | 16-18 || total
-------------------------+-------+-------+-------+-------+-------+-------++-------
Melee: Unarmed           |   137 |   153 |   472 |   649 |   710 |  1298 ||  3419
       Punch             |     1 |     6 |    13 |    44 |    62 |    34 ||   160
       Giant spiked club |       |       |     8 |       |       |       ||     8
       Giant club        |       |       |     2 |     8 |    12 |     7 ||    29
       Kick              |       |       |       |   114 |   430 |   664 ||  1208
Invok: Slouch            |       |       |       |       |       |     2 ||     2
 Abil: Evoke Flight      |       |       |       |     3 |       |       ||     3
       Stop Flying       |       |       |       |     1 |       |       ||     1
Evoke: Wand              |       |       |     1 |    17 |     3 |    26 ||    47
       Lamp of fire      |       |       |       |       |       |     3 ||     3
       Phial of floods   |       |       |       |       |       |     1 ||     1
  Use: Potion            |     2 |     3 |     7 |     6 |     9 |     6 ||    33
       Scroll            |       |     5 |     7 |    20 |    12 |    23 ||    67
 Stab: Sleeping          |     4 |       |     4 |    16 |     5 |     6 ||    35
       Distracted        |       |       |       |     4 |     1 |       ||     5
       Paralysed         |       |       |       |     4 |    12 |     4 ||    20
  Eat: Chunk             |    15 |    11 |    35 |    60 |    45 |    56 ||   222
       Meat ration       |       |       |       |     1 |       |     1 ||     2
Armor: Robe              |    60 |    50 |   134 |   184 |    38 |       ||   466
       Skin              |       |       |     9 |       |       |       ||     9
       Troll leather arm |       |       |       |       |   134 |   373 ||   507
Dodge: Dodged            |    91 |    85 |   263 |   574 |   687 |  1347 ||  3047
Block: Other             |       |       |    25 |   135 |   130 |    87 ||   377
       Shield            |       |       |       |       |       |  1121 ||  1121

Table legend:
 A = Spawn XP
 B = Non-spawn XP
 C = Spawn XP percentage of total XP
 D = Spawn monster count
 E = Non-spawn monster count
 F = Spawn count percentage of total count
 G = Total turns spent on level
                    A         B        C        D         E        F      G
               +---------+---------+-------+---------+---------+-------+---------
         Total |       0 |  230707 |   0.0 |       0 |    1172 |   0.0 | 28600
               +---------+---------+-------+---------+---------+-------+---------
           D:1 |       0 |      46 |   0.0 |       0 |      26 |   0.0 |   791
           D:2 |       0 |     284 |   0.0 |       0 |      24 |   0.0 |   685
           D:3 |       0 |      49 |   0.0 |       0 |      20 |   0.0 |   701
           D:4 |       0 |     272 |   0.0 |       0 |      11 |   0.0 |   517
           D:5 |       0 |    1479 |   0.0 |       0 |      50 |   0.0 |  1055
           D:6 |       0 |    2401 |   0.0 |       0 |      53 |   0.0 |  1063
           D:7 |       0 |    1342 |   0.0 |       0 |      28 |   0.0 |   678
           D:8 |       0 |    2442 |   0.0 |       0 |      26 |   0.0 |   976
           D:9 |       0 |    6947 |   0.0 |       0 |      80 |   0.0 |  1803
          D:10 |       0 |    3073 |   0.0 |       0 |      37 |   0.0 |  1234
          D:11 |       0 |    4475 |   0.0 |       0 |      26 |   0.0 |   869
          D:12 |       0 |    4438 |   0.0 |       0 |      21 |   0.0 |  1183
          D:13 |       0 |   19970 |   0.0 |       0 |      61 |   0.0 |  1683
          D:14 |       0 |    8681 |   0.0 |       0 |      29 |   0.0 |  1417
          D:15 |       0 |   13906 |   0.0 |       0 |      35 |   0.0 |  1129
        Lair:1 |       0 |    6652 |   0.0 |       0 |      29 |   0.0 |   973
        Lair:2 |       0 |    4868 |   0.0 |       0 |      21 |   0.0 |  1073
        Lair:3 |       0 |    5421 |   0.0 |       0 |      26 |   0.0 |   734
        Lair:4 |       0 |   10883 |   0.0 |       0 |      32 |   0.0 |   734
        Lair:5 |       0 |   19890 |   0.0 |       0 |      87 |   0.0 |  1398
        Lair:6 |       0 |   20667 |   0.0 |       0 |      75 |   0.0 |  1171
      Spider:1 |       0 |   10548 |   0.0 |       0 |      28 |   0.0 |   575
      Spider:2 |       0 |   20099 |   0.0 |       0 |      49 |   0.0 |   857
      Spider:3 |       0 |    6613 |   0.0 |       0 |      17 |   0.0 |   170
         Orc:1 |       0 |    6117 |   0.0 |       0 |      33 |   0.0 |   635
         Orc:2 |       0 |    8765 |   0.0 |       0 |     105 |   0.0 |  1192
         Elf:1 |       0 |   21999 |   0.0 |       0 |      39 |   0.0 |   830
      Depths:1 |       0 |   13903 |   0.0 |       0 |      27 |   0.0 |   624
         Sewer |       0 |      53 |   0.0 |       0 |      13 |   0.0 |   541
       Ossuary |       0 |     384 |   0.0 |       0 |      39 |   0.0 |   537
        Bailey |       0 |    1318 |   0.0 |       0 |      15 |   0.0 |   432
         IceCv |       0 |    2722 |   0.0 |       0 |      10 |   0.0 |   321
               +---------+---------+-------+---------+---------+-------+---------
